 Dungeon Crawl Stone Soup version 0.28.0-1-gb440e238dd (webtiles) character file.

Game seed: 9251197175644705350

63 issech the Cudgeller (level 3, 0/32 (36) HPs)
             Began as a Troll Monk on Feb 24, 2022.
             Slain by Grinder (2 damage)
             ... on level 3 of the Dungeon.
             The game lasted 00:05:14 (1403 turns).

issech the Cudgeller (Troll Monk)                   Turns: 1403, Time: 00:05:16

HP:   0/32 (36)     AC:  5    Str: 19    XL:     3   Next: 87%
MP:   2/2           EV: 10    Int:  6    God:
Gold: 101           SH:  0    Dex: 14    Spells: 2/2 levels left

rFire   + . .      SeeInvis .   a - +0 mace
rCold   . . .      Faith    .   (no shield)
rNeg    . . .      Spirit   .   b - +0 robe
rPois   .          Reflect  .   (helmet restricted)
rElec   .          Harm     .   m - +0 cloak
rCorr   .          Rampage  .   (gloves unavailable)
Will    .....                   (boots unavailable)
Stlth   ++........              (no amulet)
HPRegen 0.90/turn               j - ring of fire
MPRegen 0.08/turn               e - ring of protection from cold

@: heavily drained
A: large, unfitting armour, claws 3, regeneration 1, shaggy fur 1, tough skin 1
a: no special abilities


You were on level 3 of the Dungeon.
You visited 1 branch of the dungeon, and saw 3 of its levels.

You collected 101 gold pieces.

Inventory:

Hand Weapons
 a - a +0 mace (weapon)
 k - a +0 dagger of draining
Missiles
 c - 30 arrows
 d - 55 stones (quivered)
Armour
 b - a +0 robe (worn)
 m - a +0 cloak (worn)
Magical Staves
 g - a staff of air
 h - a staff of death
Jewellery
 e - a ring of protection from cold (right claw)
 j - a ring of fire (left claw)
Scrolls
 f - 2 scrolls of teleportation {unknown}
 l - a scroll of identify {unknown}
Potions
 i - 3 potions of curing {unknown}


   Skills:
 + Level 2.8 Fighting
 + Level 3.3 Maces & Flails
 + Level 3.1 Dodging
 + Level 1.2 Stealth


You had 2 spell levels left.
You didn't know any spells.
Your spell library contained the following spells:

 Spells                   Type           Power      Damage    Failure   Level
 Scorch                   Fire           0%         2d5       58%         2
 Flame Wave               Conj/Fire      0%         2d4       99%         4
 Summon Cactus Giant      Summ           0%         N/A       100%        6


Dungeon Overview and Level Annotations

Branches:
Dungeon (3/15)

Altars:
Yredelemnul

Shops:
D:2 [

Annotations:
D:3 Grinder


Innate Abilities, Weirdness & Mutations

You are too large for most types of armour.
You have claws for hands.
Your natural rate of healing is unusually fast.
You are covered in fur. (AC +1)
You have tough skin. (AC +1)


Message History

Grinder says, "Mostly I couldn't keep them alive."
Grinder hits you but does no damage. Grinder hits you but does no damage.
Grinder hits you.
You can move again.
You hit Grinder.
Grinder is heavily wounded.
Grinder barely misses you.
You hit Grinder but do no damage.
Grinder is heavily wounded.
Grinder hits you.
You barely miss Grinder.
Grinder is heavily wounded.
Grinder barely misses you.
You hit Grinder.
Grinder is heavily wounded.
Grinder closely misses you.
You hit Grinder.
Grinder is heavily wounded.
Grinder hits you.
You writhe in agony.
Grinder hits you but does no damage.
You closely miss Grinder.
Grinder is heavily wounded.
Grinder closely misses you.
You hit Grinder but do no damage.
Grinder is heavily wounded.
Grinder gestures at you. Pain shoots through your body!
* * * LOW HITPOINT WARNING * * *
Grinder says, "Just stop there for a second..."
You hit Grinder but do no damage.
Grinder is heavily wounded.
Grinder closely misses you.
You closely miss Grinder.
Grinder is heavily wounded.
Grinder hits you.
* * * LOW HITPOINT WARNING * * *
You writhe in agony.
* * * LOW HITPOINT WARNING * * *
Grinder hits you.
You die...

#.# #.#
#.#
#.#####
#.....#
########.#
#....# #.#
#.##.###.#
#.##.5@..#
#'########
5.. ....#
.....#
#......
######. #.


You could see Grinder.

Vanquished Creatures
  2 adders
  7 bats
  2 endoplasms
  2 giant cockroaches (D:1)
  5 goblins
  6 hobgoblins
  5 quokkas
  2 ball pythons (D:1)
  A frilled lizard (D:2)
  4 kobolds
  2 rats
38 creatures vanquished.

Notes
Turn   | Place    | Note
-------+----------+-------------------------------------------
     0 | D:1      | issech the Troll Monk began the quest for the Orb.
     0 | D:1      | Reached XP level 1. HP: 22/22 MP: 0/0
   144 | D:1      | Reached XP level 2. HP: 29/29 MP: 1/1
   259 | D:1      | Found a faded altar of an unknown god.
   583 | D:2      | Found Upoygrim's Antique Armour Shoppe.
   708 | D:2      | Reached XP level 3. HP: 29/29 MP: 2/2
  1308 | D:3      | Found a basalt altar of Yredelemnul.
  1371 | D:3      | Noticed Grinder
  1382 | D:3      | Paralysed by Grinder for 3 turns
  1389 | D:3      | Paralysed by Grinder for 4 turns
  1403 | D:3      | Slain by Grinder

Illustrated notes

Levels and vault maps discovered:
D:1:      amcnicky_arrival_abandoned_market, layout_rooms,
          shapermc_ecumenical_altar_hornbeckon, nrook_campfire,
          minmay_misc_feat_tiny
D:2:      layout_basic, serial_shops, nicolae_shop_trees
D:3:      layout_basic, mainiacjoe_overflow_catwalk, minmay_fountain_box,
          roderic_lattice_a, uniq_grinder, uniq_ijyb, uniq_natasha

Skill      XL: |  1  2  3 |
---------------+----------+-----
Maces & Flails | 3 |  3.3
Dodging        | 3 |  3.1
Fighting       | |  2.8
Stealth        | |  1.2

Action                   || total
-------------------------++-------
Melee: Mace              ||   136
       Punch             ||     1
 Stab: Sleeping          ||     2
Armor: Robe              ||    94
Dodge: Dodged            ||   106
